Map: Temple gelé

Players

TERMINATOR

  • Race: Terran Terran
  • League: Platinum

EkéLio - Winner!

  • Race: Protoss Protoss
  • League: Diamond

VOD

Have the link to the VOD?

Description

Time

  • Played on: May 10, 2016, 9:11 a.m.
  • Length: 13:45
Show
View Real Time Build Order
Export as new Build Order

TERMINATOR Terran 

Build Orders: 1/1/1, MMM Bio 

Get SALT Encoding   

  12  0:00  SCV  
  13  0:12  SCV  
  14  0:18  Supply Depot  
  14  0:24  SCV  
  15  0:29  Refinery  
  15  0:39  SCV  
  16  0:45  Barracks  
  16  0:51  SCV  
  17  1:03  SCV  
  18  1:16  SCV  
  19  1:28  SCV  
  20  1:35  Supply Depot  
  20  1:37  Factory  
  20  1:38  Marine  
  21  1:40  Orbital Command  
  21  1:58  Marine  
  22  2:08  SCV  
  23  2:20  SCV  
  24  2:24  Widow Mine  
  24  2:27  Marine  
  24  2:28  Starport  
  27  2:32  SCV  
  28  2:39  Command Center  
  28  2:41  Supply Depot  
  28  2:44  SCV  
  28  2:46  Marine  
  30  2:59  SCV  
  30  3:02  Widow Mine  
  30  3:05  Medivac  
  35  3:08  Refinery  
  35  3:11  Supply Depot  
  35  3:19  Marine  
  36  3:23  SCV  
  37  3:32  Widow Mine  
  39  3:37  Marine  
  40  3:43  Medivac  
  40  3:47  Barracks  
  42  3:48  Barracks  
  42  3:51  Orbital Command  
  42  4:01  SCV  
  42  4:02  Marine  
  44  4:20  Orbital Command  
  40  4:27  Marine, Widow Mine  
  40  4:28  Medivac  
  43  4:41  Barracks Tech Lab x2  
  43  4:44  Engineering Bay  
  43  4:46  Engineering Bay, Marine  
  43  4:49  SCV x2  
  46  4:59  Factory Reactor, Bunker  
  46  5:05  Refinery  
  46  5:06  Marine x3, Refinery, SCV x2  
  51  5:14  Stimpack  
  51  5:22  SCV x2  
  51  5:24  Marine x3  
  56  5:30  Terran Infantry Weapons Level 1  
  56  5:35  Supply Depot  
  56  5:36  Supply Depot  
  56  5:37  SCV x2  
  56  5:42  Marine x3  
  57  6:11  Combat Shields, Terran Infantry Armor Level 1  
  57  6:13  Medivac  
  57  6:14  Marine x3  
  57  6:17  SCV x2  
  64  6:26  Supply Depot  
  64  6:27  Supply Depot  
  64  6:33  Barracks x2  
  64  6:35  Marauder x2, Marine  
  63  6:50  Command Center  
  63  7:04  Marauder x2, Marine  
  68  7:10  SCV x2  
  68  7:14  Medivac  
  72  7:16  Medivac  
  72  7:22  SCV x2  
  62  8:03  Marine  
  62  8:04  Marauder x2, Marine x2  
  62  8:05  SCV x2  
  69  8:13  SCV  
  69  8:17  SCV x2  
  72  8:21  Marine x2  
  72  8:24  Armory  
  74  8:36  Marauder x2, Marine  
  74  8:39  Marine, SCV x2  
  74  8:41  Liberator x2  
  82  8:51  Sensor Tower, SCV  
  82  8:53  Marine  
  82  8:54  Marine  
  85  8:56  Refinery  
  85  8:57  Marine, Refinery  
  85  8:58  Marauder x2  
  96  9:04  Planetary Fortress  
  96  9:23  Liberator, SCV x2  
  96  9:24  Liberator  
  98  9:28  Widow Mine  
  100  9:35  SCV  
  100  9:37  Barracks Reactor  
  101  9:42  Starport  
  99  9:57  SCV x3  
  102  10:09  SCV x3  
  102  10:14  Terran Infantry Armor Level 2, Terran Infantry Weapons Level 2  
  105  10:21  SCV x2  
  107  10:31  SCV  
  107  10:32  Barracks  
  107  10:33  SCV  
  109  10:52  Fusion Core  
  109  10:59  Marine x4  
  109  11:00  Marauder, SCV  
  109  11:02  Supply Depot, Terran Ship Weapons Level 1  
  116  11:04  Supply Depot  
  116  11:07  Liberator  
  116  11:08  Supply Depot  
  116  11:20  SCV  
  116  11:24  Marauder, SCV x2  
  124  11:26  Command Center  
  124  11:32  SCV  
  125  11:36  SCV x2  
  119  12:05  Marauder, Marine x4  
  119  12:06  Marine x2  
  124  12:23  Marine  
  124  12:25  Liberator x2  
  124  12:26  Liberator, Marauder  
  119  12:40  Marine x5  
  119  12:41  Marine  
  134  12:48  Marauder  
  123  13:04  Marine  
  123  13:05  Marine x5  
  121  13:09  Marauder  
  108  13:22  Marine x3  
Show
View Real Time Build Order
Export as new Build Order

EkéLio Protoss - Winner!

Build Orders: 1 Gate Expand 

Get SALT Encoding   

  12  0:01  Probe (Chrono Boost)  
  13  0:12  Probe (Chrono Boost)  
  14  0:19  Pylon  
  14  0:23  Probe (Chrono Boost)  
  15  0:37  Probe (Chrono Boost)  
  15  0:39  Gateway  
  16  0:48  Probe (Chrono Boost)  
  17  0:50  Assimilator  
  17  0:58  Probe (Chrono Boost)  
  18  1:09  Probe (Chrono Boost)  
  19  1:28  Nexus  
  19  1:34  Probe (Chrono Boost)  
  19  1:39  Pylon  
  20  1:42  Assimilator  
  20  1:45  Probe (Chrono Boost)  
  21  1:55  Cybernetics Core, Probe (Chrono Boost)  
  22  2:06  Probe (Chrono Boost)  
  22  2:16  Probe (Chrono Boost)  
  23  2:29  Pylon  
  23  2:32  Warp Gate  
  23  2:35  Adept, Mothership Core (Chrono Boost)  
  27  2:40  Probe (Chrono Boost)  
  28  2:50  Probe (Chrono Boost)  
  29  2:52  Robotics Facility  
  29  2:53  Probe (Chrono Boost)  
  30  3:01  Probe (Chrono Boost)  
  30  3:04  Stalker  
  33  3:07  Probe (Chrono Boost)  
  33  3:11  Probe (Chrono Boost)  
  35  3:19  Probe (Chrono Boost)  
  36  3:22  Probe (Chrono Boost)  
  37  3:29  Probe (Chrono Boost)  
  37  3:32  Probe (Chrono Boost)  
  39  3:40  Probe (Chrono Boost)  
  39  3:43  Probe (Chrono Boost)  
  39  3:48  Robotics Bay  
  40  3:49  Observer (Chrono Boost)  
  40  3:50  Probe (Chrono Boost)  
  42  4:00  Gateway  
  42  4:03  Gateway  
  42  4:08  Warp Prism (Chrono Boost)  
  42  4:09  Pylon  
  44  4:26  Probe  
  44  4:28  Probe  
  46  4:37  Probe  
  46  4:39  Disruptor (Chrono Boost)  
  46  4:40  Probe  
  46  4:42  Assimilator  
  46  4:44  Assimilator  
  51  4:47  Probe  
  51  4:52  Pylon  
  52  4:56  Nexus  
  52  4:58  Pylon  
  52  4:59  Gravitic Drive  
  52  5:03  Probe  
  52  5:04  Probe  
  54  5:10  Disruptor (Chrono Boost)  
  54  5:14  Probe  
  57  5:17  Probe  
  59  5:24  Gateway x2, Probe  
  59  5:27  Gateway  
  60  5:29  Probe  
  60  5:35  Probe  
  61  5:36  Forge  
  61  5:41  Probe  
  63  5:45  Probe, Sentry x3  
  70  5:53  Probe  
  70  5:56  Probe  
  71  6:03  Disruptor (Chrono Boost)  
  75  6:05  Probe  
  75  6:07  Probe  
  77  6:12  Twilight Council  
  77  6:14  Probe, Pylon  
  77  6:17  Probe x2  
  79  6:21  Stalker x2  
  79  6:24  Probe  
  79  6:25  Gateway  
  84  6:28  Probe  
  84  6:29  Probe, Pylon  
  84  6:31  Disruptor (Chrono Boost)  
  90  6:46  Probe x2  
  92  6:47  Protoss Ground Weapons Level 1 (Chrono Boost)  
  92  6:51  Probe  
  92  6:52  Forge  
  93  6:55  Pylon  
  93  6:57  Assimilator  
  93  6:58  Probe x2, Assimilator  
  95  7:01  Probe  
  95  7:02  Pylon  
  95  7:04  Adept x4  
  95  7:05  Adept  
  95  7:07  Colossus  
  106  7:11  Resonating Glaives (Chrono Boost)  
  112  7:35  Probe  
  112  7:36  Probe x2  
  115  7:37  Adept x3  
  115  7:38  Adept x2  
  123  8:00  Adept  
  125  8:17  Pylon  
  125  8:21  Pylon  
  125  8:24  Pylon  
  125  8:25  Protoss Ground Weapons Level 2 (Chrono Boost)  
  125  8:33  Nexus  
  125  8:35  Pylon  
  125  8:37  Protoss Ground Armor Level 1 (Chrono Boost)  
  125  8:38  Pylon  
  125  8:39  Colossus  
  125  8:40  Pylon  
  131  8:43  Pylon  
  131  8:44  Pylon  
  131  8:45  Assimilator  
  131  8:47  Assimilator  
  131  9:05  Pylon  
  131  9:09  Photon Cannon  
  131  9:11  Photon Cannon  
  131  9:13  Photon Cannon  
  131  9:16  Adept  
  131  9:17  Adept x6  
  135  9:23  Stargate  
  145  9:24  Stargate  
  145  9:27  Stargate  
  145  9:30  Pylon  
  145  9:32  Pylon  
  145  9:35  Extended Thermal Lance (Chrono Boost)  
  145  9:48  Probe x2  
  145  9:50  Probe x2  
  149  10:01  Photon Cannon  
  149  10:02  Probe, Photon Cannon  
  149  10:05  Pylon, Photon Cannon  
  145  10:07  Pylon  
  145  10:12  Robotics Bay  
  145  10:15  Colossus, Fleet Beacon  
  151  10:21  Adept  
  151  10:22  Adept x6  
  165  10:38  Protoss Ground Weapons Level 3 (Chrono Boost), Protoss Ground Armor Level 2 (Chrono Boost)  
  165  10:47  Blink, Photon Cannon  
  165  10:48  Photon Cannon  
  165  10:51  Photon Cannon  
  165  10:56  Templar Archives  
  165  10:58  Tempest x2 (Chrono Boost)  
  173  11:04  Tempest (Chrono Boost)  
  177  11:21  Psionic Storm  
  177  11:35  High Templar x3  
  177  11:36  High Templar  
  185  12:05  Tempest x2  
  185  12:11  Tempest  
  163  13:38  Stalker  
  163  13:39  Stalker x6  
Tags
 
Add a new tag
Caveats
  • Supply blocks, unpowered buildings, or Contaminate may cause inaccurate times.
  • Supply counts are checked every 10 seconds.